 Dungeon Crawl Stone Soup version 0.26.0-11-g8f856b5395 (webtiles) character file.

Game seed: 6208497319718631301

53932 lessens the Black Belt (level 15, -8/94 HPs)
             Began as a Kobold Transmuter on Jan 14, 2021.
             Was the Champion of Okawaru.
             Mangled by an entropy weaver (16 damage)
             ... on level 3 of the Lair of Beasts.
             The game lasted 00:49:26 (33461 turns).

lessens the Black Belt (Kobold Transmuter)         Turns: 33461, Time: 00:49:27

Health: -8/94      AC:  1    Str: 15    XL:     15   Next: 12%
Magic:  0/19       EV: 26    Int: 21    God:    Okawaru [******]
Gold:   1516       SH:  0    Dex: 19    Spells: 5/20 levels left

rFire    + . .     SeeInvis .     - Unarmed
rCold    + . .     Faith    .   (shield currently unavailable)
rNeg     . . .     Spirit   +   a - +0 robe
rPois    +         Reflect  .   U - +2 helmet {Int+3}
rElec    .         Harm     .   N - +0 cloak of Kesmi {rC+ Will+ Str+2 Int+2} (curse)
rCorr    .         Rampage  .   (gloves currently unavailable)
Will     ++...                  j - +2 pair of boots
Stlth    +++.......             B - amulet of guardian spirit
HPRegen  0.25/turn              Q - ring of Satisfaction {rPois rF+ EV+4 Int+2 Dex+2}
MPRegen  0.16/turn              C - ring of wizardry

@: blade hands (expiring), corroded, studying Unarmed Combat
A: small, nightstalker 3
a: End Transformation, Renounce Religion, Heroism, Finesse


You were on level 3 of the Lair of Beasts.
You worshipped Okawaru.
Okawaru was exalted by your worship.
You had blades for hands.
You visited 3 branches of the dungeon, and saw 20 of its levels.
You also visited: Gauntlet.

You collected 1516 gold pieces.

Inventory:

Missiles
 b - 453 stones
 e - 464 arrows
 l - 91 poisoned darts (quivered)
 p - 16 boomerangs
 D - a throwing net
Armour
 a - a +0 robe (worn)
 j - a +2 pair of boots (worn)
 A - a +1 pair of gloves of dexterity (melded)
 N - the cursed +0 cloak of Kesmi (worn) {rC+ Will+ Str+2 Int+2}
   (You found it in a Gauntlet)

   It affects your strength (+2).
   It affects your intelligence (+2).
   It protects you from cold.
   It affects your willpower, your defense against some magical effects.
   It has a curse placed upon it.
 U - a +2 helmet of intelligence (worn)
Jewellery
 f - an uncursed ring of positive energy
 h - an uncursed ring of ice
 i - an uncursed ring of flight
 m - a +6 ring of intelligence
 w - an uncursed ring of see invisible
 y - a +4 ring of evasion
 z - an uncursed ring of poison resistance
 B - an amulet of guardian spirit (around neck)
 C - a ring of wizardry (right scythe-like blade)
 I - a +6 ring of strength
 Q - the ring of Satisfaction (left scythe-like blade) {rPois rF+ EV+4 Int+2 Dex+2}
   (You found it in a Gauntlet)

   [ring of evasion]

   It affects your evasion (+4).
   It affects your intelligence (+2).
   It affects your dexterity (+2).
   It protects you from fire.
   It protects you from poison.
 T - an uncursed amulet of the acrobat
Wands
 n - a wand of random effects (16)
 s - a wand of flame (31)
 x - a wand of acid (28)
 L - a wand of digging (7)
 M - a wand of iceblast (8)
 R - a wand of paralysis (11)
Scrolls
 o - 3 scrolls of teleportation
 q - 4 scrolls of remove curse
 t - 6 scrolls of enchant armour
 u - 8 scrolls of identify
 F - a scroll of fog
 H - 2 scrolls of magic mapping
 K - 7 scrolls of enchant weapon
 P - 2 scrolls of summoning
Potions
 c - 3 potions of lignification
 d - 6 potions of flight
 g - 2 potions of brilliance
 k - 3 potions of curing
 r - 2 potions of might
 v - a potion of cancellation
 E - 3 potions of haste
 G - 3 potions of resistance
 O - a potion of invisibility
 S - a potion of heal wounds
 V - a potion of magic {unknown}
Books
 W - a manual of Unarmed Combat
Miscellaneous
 J - a condenser vane


   Skills:
 + Level 11.1 Fighting
 + Level 2.7 Armour
 - Level 8.8 Dodging
 - Level 18.3 Unarmed Combat
 - Level 3.2 Spellcasting
 - Level 7.8 Transmutations
 - Level 2.0 Ice Magic
 - Level 2.0 Poison Magic
 + Level 5.0 Invocations
 - Level 4.0 Evocations


You had 5 spell levels left.
You knew the following spells:

 Your Spells              Type           Power        Failure   Level
a - Beastly Appendage     Tmut           72%          4%          1
b - Wereblood             Tmut           36%          6%          2
c - Spider Form           Tmut/Pois      12%          13%         3
d - Ice Form              Ice/Tmut       24%          28%         4
e - Blade Hands           Tmut           18%          26%         5

Your spell library contained the following spells:

 Spells                   Type           Power        Failure   Level
 Passwall                 Tmut/Erth      15%          12%         2
 Animate Skeleton         Necr           6%           24%         1
 Apportation              Tloc           6%           24%         1
 Corona                   Hex            3%           24%         1
 Sandblast                Erth           6%           24%         1
 Summon Small Mammal      Summ           12%          24%         1
 Ensorcelled Hibernation  Hex/Ice        14%          24%         2
 Confusing Touch          Hex            3%           45%         3
 Dazzling Flash           Conj/Hex       6%           45%         3
 Tukima's Dance           Hex            3%           45%         3
 Fireball                 Conj/Fire      1%           95%         5
 Iron Shot                Conj/Erth      1%           100%        6
 Starburst                Conj/Fire      1%           100%        6


Dungeon Overview and Level Annotations

Branches:
Dungeon (13/15)            Temple (1/1) D:5            Lair (6/6) D:10
 Shoals (0/4) Lair:4       Spider (0/4) Lair:2        Slime (0/5) Lair:6
    Orc (0/2) D:11        Gauntlet (visited)
 Vaults: D:13-14

Altars:
Ashenzari
Dithmenos
Elyvilon
Fedhas
Gozag
Hepliaklqana
Kikubaaqudgha
Makhleb
Nemelex Xobeh
Okawaru
Qazlal
Ru
Sif Muna
Trog
Uskayaw
Vehumet
Wu Jian
Xom
Yredelemnul
Zin
Jiyva

Shops:
D:5 }

Annotations:
D:6 Prince Ribbit
D:9 2 transporters, vvl's ghost, novice TrFi
Lair:3 1 runed translucent door, Zenkrye's ghost, journeyman BaIE
Lair:5 exclusion: oklob plant


Innate Abilities, Weirdness & Mutations

You are small and have problems with some larger weapons.
You are completely attuned to the shadows.


Message History

The entropy weaver hits you but does no damage.
You slice the entropy weaver!!
The entropy weaver is heavily wounded.
The entropy weaver barely misses you. The entropy weaver misses you.
The entropy weaver hits you but does no damage.
The entropy weaver hits you.
* * * LOW HITPOINT WARNING * * *
You barely miss the entropy weaver.
The entropy weaver is heavily wounded.
You slash the entropy weaver!
The entropy weaver is severely wounded.
The entropy weaver gestures at you while chanting.
The entropic weave corrodes you!
You hit the entropy weaver but do no damage.
The entropy weaver is severely wounded.
The entropy weaver completely misses you.
The entropy weaver hits you!
* * * LOW HITPOINT WARNING * * *
The entropy weaver misses you. The entropy weaver hits you!
You die...

#.# #........# #. #.#
#÷#.......## ## #.#
#.#.......# #### #.#
#.#.......# #.## #.#
#.#.......#####[. #.#
#.#.............. #.#
#.#..............
#÷############B#.###.#####..##
#.†.†÷......÷@.### ### #####
################


You could see an entropy weaver.

Vanquished Creatures
  An entropy weaver (Lair:3)
  A minotaur (Gauntlet)
  A fire dragon (Lair:6)
  Fannar (Lair:3)
  A boulder beetle (Lair:2)
  The ghost of Shayle the Thaumaturge, a novice PaNe of Kikubaaqudgha (Lair:2)
  A centaur warrior (D:8)
  2 hydras
  5 two-headed ogres
  A catoblepas (D:11)
  4 fire crabs (Lair:3)
  A death drake (Gauntlet)
  An unseen horror (D:11)
  A lindwurm (Lair:6)
  A wolf spider zombie (Gauntlet)
  A spectral centaur (Gauntlet)
  3 molten gargoyles (Lair:6)
  5 black mambas
  14 cane toads
  A gargoyle (D:11)
  A rime drake (Lair:4)
  7 komodo dragons
  2 trolls
  5 jumping spiders (Lair:2)
  4 polar bears
  A queen bee (Gauntlet)
  A hornet (D:9)
  10 blink frogs (Lair:6)
  7 dream sheep (Lair:4)
  5 redbacks (Lair:2)
  A wraith (Lair:6)
  3 shadows (Gauntlet)
  50 yaks
  10 wyverns
  10 basilisks
  2 steam dragons (Lair:6)
  A warg (D:11)
  11 water moccasins
  4 hell hounds (Lair:6)
  4 ice beasts
  6 orc warriors
  A swamp drake (D:10)
  2 sky beasts
  2 necrophages
  A phantom (D:4)
  A black bear (D:8)
  8 ogres
  37 wolves
  15 centaurs
  Blork the orc (D:6)
  3 big kobolds
  13 bullfrogs
  A wyvern zombie (D:7)
  A water moccasin zombie (D:7)
  A wyvern skeleton (D:6)
  4 scorpions
  11 killer bees
  9 wights
  3 howler monkeys
  5 centaur zombies
  4 lava snakes (Lair:6)
  A bullfrog zombie (D:10)
  2 hounds
  5 orc priests
  2 jellies
  7 orc wizards
  2 bullfrog skeletons
  3 centaur skeletons
  3 iguanas
  11 hell rats
  9 worker ants
  2 hound zombies
  A hound skeleton (D:4)
  3 worker ant zombies
  6 gnolls
  17 adders
  3 shadow imps
  A white imp (D:5)
  An ooze (D:1)
  3 adder skeletons
  3 worms
  2 dart slugs
  2 leopard geckos
  38 orcs
  6 bats
  A bat zombie (D:4)
  4 giant cockroaches
  9 hobgoblins
  19 jackals
  19 kobolds
  3 quokkas
  6 frilled lizards
  4 goblins
  A leopard gecko skeleton (D:4)
  6 rats
  4 rat zombies (D:4)
524 creatures vanquished.

Vanquished Creatures (others)
  Josephine (Lair:6)
  3 wraiths (Lair:6)
  44 fungi
  40 plants
88 creatures vanquished.

Grand Total: 612 creatures vanquished

Notes
Turn   | Place    | Note
-------+----------+-------------------------------------------
     0 | D:1      | lessens the Kobold Transmuter began the quest for the Orb.
     0 | D:1      | Reached XP level 1. HP: 12/12 MP: 3/3
   389 | D:1      | Reached XP level 2. HP: 12/16 MP: 3/5
   787 | D:1      | Reached XP level 3. HP: 20/20 MP: 4/6
  1233 | D:2      | Reached skill level 4 in Unarmed Combat
  1690 | D:2      | You fall into a shaft and drop 2 floors!
  1712 | D:4      | Reached XP level 4. HP: 21/25 MP: 5/7
  1928 | D:4      | Learned a level 2 spell: Wereblood
  1932 | D:4      | Learned a level 3 spell: Spider Form
  1980 | D:4      | Reached XP level 5. HP: 11/29 MP: 8/8
  2627 | D:4      | Reached skill level 5 in Unarmed Combat
  2701 | D:4      | Noticed a phantom
  2992 | D:2      | Reached XP level 6. HP: 33/34 MP: 7/9
  4020 | D:3      | Reached skill level 6 in Unarmed Combat
  4629 | D:3      | Reached skill level 5 in Dodging
  4840 | D:3      | Reached XP level 7. HP: 38/38 MP: 8/10
  5254 | D:4      | Reached skill level 7 in Unarmed Combat
  5407 | D:4      | Found an ancient bone altar of Kikubaaqudgha.
  5448 | D:5      | Entered Level 5 of the Dungeon
  5450 | D:5      | Found a staircase to the Ecumenical Temple.
  5528 | Temple   | Entered the Ecumenical Temple
  5633 | Temple   | Became a worshipper of Warmaster Okawaru
  6196 | D:5      | Found Wizyro's Gadget Emporium.
  6942 | D:5      | Reached XP level 8. HP: 43/43 MP: 11/11
  6988 | D:5      | Reached skill level 8 in Unarmed Combat
  7644 | D:6      | Noticed Blork the orc
  7653 | D:6      | Killed Blork the orc
  7991 | D:6      | Reached * piety under Okawaru
  7992 | D:6      | Reached skill level 9 in Unarmed Combat
  8441 | D:6      | Noticed Prince Ribbit
  8762 | D:7      | Reached skill level 10 in Unarmed Combat
  8762 | D:7      | Reached XP level 9. HP: 33/47 MP: 12/12
  8879 | D:7      | Reached skill level 1 in Poison Magic
  8951 | D:7      | Reached ** piety under Okawaru
  9115 | D:7      | Reached skill level 1 in Invocations
 10764 | D:8      | Noticed a centaur warrior
 10777 | D:8      | Killed a centaur warrior
 10778 | D:8      | Reached skill level 11 in Unarmed Combat
 10778 | D:8      | Reached skill level 5 in Transmutations
 10778 | D:8      | Reached XP level 10. HP: 37/56 MP: 5/13
 10790 | D:8      | Reached *** piety under Okawaru
 11091 | D:8      | Learned a level 4 spell: Ice Form
 11903 | D:9      | Reached skill level 1 in Ice Magic
 12029 | D:9      | Found a transporter.
 12047 | D:9      | Noticed vvl's ghost (novice TrFi)
 12058 | D:9      | Found a transporter.
 13238 | D:10     | Entered Level 10 of the Dungeon
 13422 | D:10     | You fall into a shaft and drop 3 floors!
 13422 | D:13     | Noticed a centaur warrior
 13532 | D:13     | Noticed a two-headed ogre
 13532 | D:13     | Noticed a four-headed hydra
 13566 | D:13     | Noticed a two-headed ogre
 14491 | D:10     | Reached skill level 12 in Unarmed Combat
 14643 | D:10     | Reached **** piety under Okawaru
 14644 | D:10     | Reached XP level 11. HP: 37/62 MP: 9/15
 14657 | D:10     | Learned a level 5 spell: Blade Hands
 15025 | D:10     | Noticed a two-headed ogre
 15045 | D:10     | Killed a two-headed ogre
 15497 | D:10     | Found a staircase to the Lair.
 15735 | D:11     | Noticed a catoblepas
 15763 | D:11     | Killed a catoblepas
 15763 | D:11     | Reached ***** piety under Okawaru
 15764 | D:11     | Reached skill level 13 in Unarmed Combat
 16101 | D:11     | Killed an unseen horror
 16347 | D:11     | Found a staircase to the Orcish Mines.
 16722 | D:11     | Received a gift from Okawaru
 16739 | D:11     | Noticed a two-headed ogre
 16749 | D:11     | Killed a two-headed ogre
 16914 | D:12     | Reached skill level 14 in Unarmed Combat
 16914 | D:12     | Reached XP level 12. HP: 10/67 MP: 1/16
 17943 | D:12     | Noticed a two-headed ogre
 17950 | D:12     | Killed a two-headed ogre
 18075 | D:12     | Noticed a two-headed ogre
 18083 | D:12     | Killed a two-headed ogre
 18591 | D:11     | Received a gift from Okawaru
 19093 | D:11     | Noticed a two-headed ogre
 19116 | D:11     | Killed a two-headed ogre
 19448 | D:11     | Reached skill level 15 in Unarmed Combat
 19768 | D:11     | Identified a scroll of acquirement
 19768 | D:11     | Acquired a +1 pair of gloves of dexterity
 19971 | Lair:1   | Entered Level 1 of the Lair of Beasts
 20005 | Lair:1   | Reached skill level 1 in Evocations
 20918 | Lair:1   | Reached skill level 5 in Fighting
 21046 | Lair:1   | Noticed a seven-headed hydra
 21053 | Lair:1   | Killed a seven-headed hydra
 21336 | Lair:1   | Reached XP level 13. HP: 54/73 MP: 12/17
 21680 | Lair:1   | Reached ****** piety under Okawaru
 22029 | Lair:2   | Found a runed translucent gate.
 22029 | Lair:2   | Found a runed translucent gate.
 22030 | Lair:2   | Found a runed translucent gate.
 22037 | Lair:2   | Noticed a boulder beetle
 22059 | Lair:2   | Noticed Shayle's ghost (novice PaNe)
 22070 | Lair:2   | Received a gift from Okawaru
 22113 | Lair:2   | Reached skill level 16 in Unarmed Combat
 22622 | Lair:2   | Found a hole to the Spider Nest.
 23964 | Lair:2   | Killed a boulder beetle
 24634 | Lair:3   | Received a gift from Okawaru
 25284 | Lair:3   | Found a runed translucent door.
 25307 | Lair:3   | Noticed Fannar
 25328 | Lair:3   | Killed Fannar
 25379 | Lair:3   | Reached skill level 17 in Unarmed Combat
 25783 | Lair:3   | Noticed Zenkrye's ghost (journeyman BaIE)
 25971 | Lair:3   | Reached XP level 14. HP: 66/84 MP: 13/18
 26344 | Lair:3   | Found a hide-covered altar of Uskayaw.
 26400 | Lair:3   | Found a runed translucent door.
 26609 | Lair:4   | Received a gift from Okawaru
 26610 | Lair:4   | Found the +27 Lear's hauberk
 27401 | Lair:4   | Found a staircase to the Shoals.
 28918 | Lair:6   | Entered Level 6 of the Lair of Beasts
 28937 | Lair:6   | Killed Josephine
 28943 | Lair:6   | Found a gate leading to a gauntlet.
 28950 | Gauntlet | Entered a Gauntlet
 28962 | Gauntlet | Found a transporter.
 28962 | Gauntlet | Found a transporter.
 28976 | Gauntlet | Found a large runed translucent door.
 28976 | Gauntlet | Found a large runed translucent door.
 28978 | Gauntlet | Found a transporter.
 28978 | Gauntlet | Found a transporter.
 28983 | Gauntlet | Found a large runed translucent door.
 28983 | Gauntlet | Found a large runed translucent door.
 28992 | Gauntlet | Found a transporter.
 29001 | Gauntlet | Found a runed translucent gate.
 29002 | Gauntlet | Found a transporter.
 29002 | Gauntlet | Found a runed translucent gate.
 29003 | Gauntlet | Found a runed translucent gate.
 29013 | Gauntlet | Found a large runed translucent door.
 29013 | Gauntlet | Found a large runed translucent door.
 29016 | Gauntlet | Found a large runed translucent door.
 29016 | Gauntlet | Found a large runed translucent door.
 29024 | Gauntlet | Found a large runed translucent door.
 29024 | Gauntlet | Found a large runed translucent door.
 29025 | Gauntlet | Found a runed translucent door.
 29026 | Gauntlet | Found a transporter.
 29026 | Gauntlet | Found a transporter.
 29027 | Gauntlet | Found a runed translucent door.
 29028 | Gauntlet | Found a large runed translucent door.
 29028 | Gauntlet | Found a large runed translucent door.
 29045 | Gauntlet | Found a transporter.
 29045 | Gauntlet | Found a transporter.
 29063 | Gauntlet | Found a transporter.
 29080 | Gauntlet | Found a transporter.
 29603 | Gauntlet | Found a large runed translucent door.
 29603 | Gauntlet | Found a large runed translucent door.
 29603 | Gauntlet | Found a large runed translucent door.
 29603 | Gauntlet | Found a large runed translucent door.
 29642 | Gauntlet | Got a bloodstained cloak
 29644 | Gauntlet | Got a brightly glowing granite ring
 29656 | Gauntlet | Identified the cursed +0 cloak of Kesmi {rC+ Will+ Str+2
                  | Int+2} (You found it in a Gauntlet)
 29656 | Gauntlet | Identified the ring of Satisfaction {rPois rF+ EV+4 Int+2
                  | Dex+2} (You found it in a Gauntlet)
 29830 | Gauntlet | Noticed a minotaur
 29845 | Gauntlet | Killed a minotaur
 29854 | Gauntlet | Identified the Papyrus of the Igneous Mountains
 30112 | Lair:6   | Reached skill level 18 in Unarmed Combat
 30454 | Lair:6   | Reached skill level 10 in Fighting
 31420 | Lair:6   | Found a viscous altar of Jiyva.
 31429 | Lair:6   | Found a staircase to the Slime Pits.
 31707 | Lair:6   | Received a gift from Okawaru
 32277 | Lair:6   | Reached skill level 1 in Armour
 32529 | Lair:6   | Found a large runed translucent door.
 32530 | Lair:6   | Found a large runed translucent door.
 33114 | Lair:2   | Killed Shayle's ghost
 33114 | Lair:2   | Received a gift from Okawaru
 33192 | Lair:3   | Reached XP level 15. HP: 84/93 MP: 16/19
 33437 | Lair:3   | Reached skill level 5 in Invocations
 33461 | Lair:3   | Mangled by an entropy weaver

Illustrated notes

Levels and vault maps discovered:
D:1:      dpeg_arrival_rooms_c, layout_rooms
D:2:      layout_basic, serial_bayou_crossing
D:3:      layout_loops_ring, minmay_misc_feat_x
D:4:      layout_cave_pools, lemuel_zombie_altar_kikubaaqudgha
D:5:      layout_loops_corners, minmay_temple_entry_mist, serial_shops,
          nicolae_shop_competitors_out_of_business, minmay_misc_feat_square
D:6:      layout_basic, feat_on_display, uniq_blork_the_orc, uniq_prince_ribbit1
D:7:      layout_basic, minmay_holes
D:8:      layout_rooms
D:9:      layout_loops_corners, nzn_ghost_randoct
D:10:     kennysheep_blocky_hall, layout_stronghold, erik_lair_dragon
D:11:     layout_long_grid, erik_orc_3
D:12:     layout_loops_corners, portal_ice_cave_entry_pillars_1
D:13:     evilmike_diamond_1, layout_irregular_city, serial_rivers,
          chequers_serial_rivers_small_a, chequers_serial_rivers_room_a,
          chequers_serial_rivers_room_b, chequers_serial_rivers_micro_a,
          chequers_serial_rivers_small_3, chequers_serial_rivers_micro_d,
          serial_bayou_pond_b, einodemon_crawler_minivault, uniq_kirke
Temple:   kilobyte_greek_temple
Lair:1:   layout_small_grid, serial_bayou_shore_b
Lair:2:   layout_long_grid, nicolae_spider_entry_tight_spaces,
          gammafunk_ghost_split, grunt_megastairs_5
Lair:3:   gammafunk_mikee_crab_dinner, layout_chaotic_city, basic_altar,
          hellmonk_ghost_happy_afterlife, chequers_serial_rivers_micro_b,
          grunt_forest_large_clearings, infiniplex_staircase_pool_2,
          lemuel_fruit_fields, uniq_fannar
Lair:4:   layout_cave_pods, shoals_dummy_entry
Lair:5:   layout_loops_ring, minivault_23, nicolae_quartered_pool_little,
          grunt_megastairs_3, minmay_lair_oklob_chamber, lemuel_fruit_fields
Lair:6:   cheibrodos_lair_end_hotspot, layout_layer_cave,
          dpeg_slime_entry_enclosed_altar, gauntlet_entry_generic,
          uniq_josephine

Skill      XL: |  1  2  3  4  5  6  7  8  9 10 11 12 13 14 15 |
---------------+----------------------------------------------+-----
Dodging        | 3 4 5 6 8 |  8.8
Unarmed Combat | 4 5 6 7 10 11 12 14 15 17 18 | 18.3
Poison Magic   | 2 |  2.0
Transmutations | 5 6 7 |  7.8
Invocations    | 3 4 5 |  5.0
Fighting       | 3 4 5 8 10 11 | 11.1
Ice Magic      | 2 |  2.0
Spellcasting   | 3 |  3.2
Evocations     | 3 4 |  4.0
Armour         | 2 |  2.7

Action                   |  1- 3 |  4- 6 |  7- 9 | 10-12 | 13-15 || total
-------------------------+-------+-------+-------+-------+-------++-------
Melee: Unarmed           |    82 |   168 |   304 |   582 |   677 ||  1813
       Headbutt          |    12 |    28 |     5 |       |       ||    45
       Kick              |    14 |    31 |     4 |       |       ||    49
       Punch             |       |     3 |    15 |       |    18 ||    36
Throw: Dart              |       |       |    17 |       |       ||    17
       Throwing net      |       |       |     2 |       |       ||     2
       Boomerang         |       |       |     2 |       |       ||     2
 Cast: Beastly Appendage |    20 |    38 |     6 |       |       ||    64
       Spider Form       |       |       |    13 |    76 |    35 ||   124
       Wereblood         |       |       |       |     7 |     1 ||     8
       Ice Form          |       |       |       |     1 |    28 ||    29
       Blade Hands       |       |       |       |       |    14 ||    14
Invok: Heroism           |       |       |     2 |       |       ||     2
 Abil: End Transformatio |       |       |       |       |     2 ||     2
Evoke: Wand              |       |       |     3 |     3 |       ||     6
       Condenser vane    |       |       |       |     1 |       ||     1
  Use: Potion            |     1 |     1 |     2 |     2 |     3 ||     9
       Scroll            |       |     8 |     7 |    10 |     8 ||    33
 Stab: Sleeping          |     4 |    17 |    10 |     9 |     8 ||    48
       Held in net/web   |       |       |     4 |       |       ||     4
       Distracted        |       |       |       |     2 |     1 ||     3
       Confused          |       |       |       |     1 |       ||     1
Armor: Robe              |     8 |    13 |    11 |     7 |    14 ||    53
       Skin              |       |       |     2 |    10 |     9 ||    21
Dodge: Dodged            |    56 |   109 |   188 |   526 |   591 ||  1470
